 Dungeon Crawl Stone Soup version 0.15.0-12-gccce430 (webtiles) character file.

2173 MDvedh the Arsonist (level 9, -1/57 HPs)
             Began as a Deep Elf Fire Elementalist on Sept 1, 2014.
             Was a Follower of Vehumet.
             Slain by a troll zombie (12 damage)
             ... on Level 7 of the Dungeon.
             The game lasted 00:17:10 (7666 turns).

MDvedh the Arsonist (Deep Elf Fire Elementalist)    Turns: 7666, Time: 00:17:10

HP  -1/57        AC  6     Str  5      XL: 9   Next: 11%
MP  16/24        EV 15     Int 24      God: Vehumet [*.....]
Gold 322         SH  0     Dex 15      Spells:  4 memorised,  3 levels left

rFire  . . .     SeeInvis .     d - +2 whip (flame)
rCold  + . .     Clarity  +     u - +2 robe {MR+}
rNeg   + . .     rCorr    .     (no shield)
rPois  .         rRot     .     (no helmet)
rElec  .         Spirit   .     g - +0 cloak
SustAb .         Warding  .     i - +0 pair of gloves
rMut   .         Stasis   .     (no boots)
Gourm  .                        y - amulet of the Four Winds {Clar rN+ MR+++}
MR     +++++                    s - ring of protection from magic
                                o - ring of protection from cold

@: almost entirely resistant to hostile enchantments, unstealthy
A: robust 1
a: Renounce Religion


You were on level 7 of the Dungeon.
You worshipped Vehumet.
Vehumet was aware of your devotion.
You were not hungry.

You visited 2 branches of the dungeon, and saw 8 of its levels.

You collected 322 gold pieces.

Inventory:

Hand weapons
 d - a +2 whip of flaming (weapon)
Armour
 g - a +0 cloak (worn)
 i - a +0 pair of gloves (worn)
 u - a +2 robe of magic resistance (worn)
Magical devices
 w - a wand of lightning (11)
Comestibles
 c - 4 bread rations
Scrolls
 e - a scroll of teleportation
 f - 2 scrolls of recharging
 j - a scroll of fear {unknown}
 k - 2 scrolls of remove curse
 l - 3 scrolls of fog
 p - a scroll of enchant armour {unknown}
 x - a scroll of identify
Jewellery
 a - an uncursed ring of protection from magic
 h - an uncursed amulet of stasis {unknown}
 n - a +3 ring of strength
 o - a ring of protection from cold (left hand)
 q - an uncursed ring of sustain abilities
 s - a ring of protection from magic (right hand)
 y - the amulet of the Four Winds (around neck) {Clar rN+ MR+++}
   (You found it on level 6 of the Dungeon)

   [amulet of clarity]

   It provides mental clarity.
   It protects you from negative energy.
   It affects your resistance to hostile enchantments.
Potions
 m - a potion of might
 r - a potion of mutation {unknown}
 t - a potion of invisibility {unknown}
 z - 2 potions of poison {unknown}
 B - a potion of restore abilities {unknown}
Books
 b - a book of Flames

   Spells                             Type                      Level
   *Flame Tongue                      Conjuration/Fire             1
   Throw Flame                        Conjuration/Fire             2
   *Conjure Flame                     Conjuration/Fire             3
   Inner Flame                        Hexes/Fire                   3
   *Sticky Flame                      Conjuration/Fire             4
   *Fireball                          Conjuration/Fire             5
 v - a book of Changes

   Spells                             Type                      Level
   Beastly Appendage                  Transmutation                1
   Sticks to Snakes                   Transmutation                2
   Spider Form                        Transmutation/Poison         3
   Ice Form                           Ice/Transmutation            4
   Blade Hands                        Transmutation                5
 A - a book of Summonings

   Spells                             Type                      Level
   Abjuration                         Summoning                    3
   Recall                             Summoning/Translocation      3
   Shadow Creatures                   Summoning                    5
   Summon Demon                       Summoning                    5
   Summon Forest                      Summoning/Translocation      5
   Monstrous Menagerie                Summoning                    6
 C - a book of Maledictions

   Spells                             Type                      Level
   Corona                             Hexes                        1
   Sure Blade                         Hexes/Charms                 2
   Ensorcelled Hibernation            Hexes/Ice                    2
   Confuse                            Hexes                        3
   Dazzling Spray                     Conjuration/Hexes            3
   Enslavement                        Hexes                        4


   Skills:
 + Level 3.8 Fighting
 + Level 6.1 Dodging
 - Level 2.4 Stealth
 - Level 4.0 Spellcasting
 - Level 7.5 Conjurations
 - Level 8.2 Fire Magic


You had 3 spell levels left.
You knew the following spells:

 Your Spells              Type           Power        Failure   Level  Hunger
a - Flame Tongue          Conj/Fire      #####        1%          1    None
b - Conjure Flame         Conj/Fire      #####...     1%          3    ###....
c - Sticky Flame          Conj/Fire      #####...     4%          4    ####...
d - Fireball              Conj/Fire      #####.....   14%         5    #####..


Dungeon Overview and Level Annotations

Branches:
Dungeon (7/15)             Temple (1/1) D:5

Altars:
Cheibriados
Dithmenos
Fedhas
Kikubaaqudgha
Makhleb
Okawaru
Qazlal
Trog
Vehumet
Xom
Yredelemnul
Zin

Shops:
D:6 %


Innate Abilities, Weirdness & Mutations

You are robust (+10% HP).


Message History

Aim: a troll zombie The flame tongue hits the troll zombie.
Casting: Flame Tongue
Confirm with . or Enter, or press ? or * to list all spells.
Aiming: Flame Tongue
Press: ? - help, Shift-Dir - straight line, f/p - troll zombie
Aim: a troll zombie The flame tongue hits the troll zombie.
The troll zombie bites you!
* * * LOW HITPOINT WARNING * * *
The troll zombie claws you.
* * * LOW HITPOINT WARNING * * *
The troll zombie misses you.
Casting: Flame Tongue
Confirm with . or Enter, or press ? or * to list all spells.
Aiming: Flame Tongue
Press: ? - help, Shift-Dir - straight line, f/p - troll zombie
Aim: a troll zombie The flame tongue hits the troll zombie.
The troll zombie completely misses you. The troll zombie completely misses you.
The troll zombie claws you!
You die...

...###
##.#####.(.........#..#.##
...# #.#
#####...#####..%... ####
#.# #...# ####... #.#
#...# #... #.# #...# ####
#.############# #
#)8##_#.#.# #
.########.###'#)#Z#+#+#+#
#
..%........'....@.......#
#
.########.###'#'#+#+#+#+#
# #.8##.#.# # #.####### #
#.. # #.. #... #... ...


You could see a troll zombie.

Vanquished Creatures
  Pikel (D:5)
  5 jellies
  2 ice beasts (D:5)
  2 slaves (D:5)
  A sky beast (D:6)
  Sigmund (D:5)
  A big kobold (D:4)
  A wight (D:7)
  A scorpion (D:7)
  5 killer bees (D:7)
  A goliath beetle (D:7)
  2 human zombies (D:7)
  An orc wizard (D:7)
  A crimson imp (D:7)
  Crazy Yiuf (D:7)
  2 orc priests (D:7)
  2 hounds
  An elf zombie (D:7)
  8 worker ants
  An ogre zombie (D:7)
  A worker ant zombie (D:5)
  3 adders
  A giant mite (D:7)
  15 orcs
  10 hobgoblins
  2 jackals (D:7)
  13 kobolds
  A quokka (D:7)
  3 ball pythons
  9 bats
  A giant cockroach zombie (D:6)
  6 giant geckos
  5 giant newts
  19 goblins
  An orc zombie (D:7)
  A quokka skeleton (D:5)
  4 rats
  A rat zombie (D:6)
136 creatures vanquished.

Vanquished Creatures (others)
  A slave (D:5)
  An ooze (D:5)
  An orc (D:5)
  A goblin (D:5)
4 creatures vanquished.

Grand Total: 140 creatures vanquished

Notes
Turn   | Place    | Note
--------------------------------------------------------------
     0 | D:1      | MDvedh, the Deep Elf Fire Elementalist, began the quest for the Orb.
     0 | D:1      | Reached XP level 1. HP: 10/10 MP: 5/5
   275 | D:1      | Reached XP level 2. HP: 15/15 MP: 6/8
  1059 | D:2      | Reached skill level 4 in Spellcasting
  1521 | D:2      | Reached XP level 3. HP: 19/19 MP: 8/12
  1651 | D:2      | Learned a level 3 spell: Conjure Flame
  2418 | D:3      | Reached XP level 4. HP: 21/24 MP: 12/15
  2516 | D:3      | Found a bloodstained altar of Trog.
  3294 | D:4      | Found a basalt altar of Yredelemnul.
  3294 | D:4      | Noticed a big kobold
  3301 | D:4      | Killed a big kobold
  3301 | D:4      | Reached skill level 5 in Fire Magic
  3301 | D:4      | Reached XP level 5. HP: 23/28 MP: 9/18
  3805 | D:4      | Reached XP level 6. HP: 19/32 MP: 11/20
  3916 | D:4      | Learned a level 4 spell: Sticky Flame
  4001 | D:5      | Entered Level 5 of the Dungeon
  4026 | D:5      | Gained mutation: You are robust (+10% HP). [potion of beneficial mutation]
  4065 | D:5      | Reached skill level 6 in Fire Magic
  4300 | D:5      | Reached skill level 5 in Conjurations
  4643 | D:5      | Noticed Pikel
  4675 | D:5      | Killed Pikel
  4675 | D:5      | Reached skill level 7 in Fire Magic
  4675 | D:5      | Reached XP level 7. HP: 31/39 MP: 0/21
  4894 | D:5      | Found a staircase to the Ecumenical Temple.
  4902 | Temple   | Entered the Ecumenical Temple
  4920 | Temple   | Became a worshipper of Vehumet
  5024 | D:5      | Reached XP level 8. HP: 35/45 MP: 14/22
  5171 | D:5      | Noticed Sigmund
  5287 | D:5      | Killed Sigmund
  5287 | D:5      | Reached skill level 8 in Fire Magic
  5493 | D:5      | Learned a level 5 spell: Fireball
  5506 | D:5      | Found a glowing silver altar of Zin.
  5506 | D:5      | Found an iron altar of Okawaru.
  5507 | D:5      | Found a blossoming altar of Fedhas.
  5863 | D:6      | Reached skill level 1 in Fighting
  5991 | D:6      | Found a shimmering altar of Xom.
  6351 | D:6      | Found Micier's Food Boutique.
  6878 | D:7      | Reached skill level 5 in Dodging
  6884 | D:7      | Acquired Vehumet's first power
  6884 | D:7      | Offered knowledge of Shock by Vehumet.
  7053 | D:7      | Noticed Crazy Yiuf
  7066 | D:7      | Killed Crazy Yiuf
  7169 | D:7      | Reached XP level 9. HP: 45/56 MP: 17/24
  7585 | D:7      | Found a basalt altar of Yredelemnul.
  7666 | D:7      | Slain by a troll zombie

Action                   |  1- 3 |  4- 6 |  7- 9 || total
-------------------------+-------+-------+-------++-------
Melee: Unarmed           |     1 |     2 |     1 ||     4
       Whip              |       |       |     9 ||     9
 Cast: Flame Tongue      |    68 |   123 |   170 ||   361
       Conjure Flame     |       |     4 |     8 ||    12
       Sticky Flame      |       |     1 |     9 ||    10
Evoke: Wand              |       |     1 |       ||     1
  Use: Potion            |     4 |     1 |       ||     5
       Scroll            |       |     9 |       ||     9
  Eat: Fruit             |     2 |       |     2 ||     4
       Chunk             |     1 |     1 |     1 ||     3
       Beef jerky        |     1 |       |     1 ||     2
       Bread ration      |       |     1 |     1 ||     2
       Meat ration       |       |     1 |       ||     1
